 Dungeon Crawl Stone Soup version 0.13-a0-2398-gfa67c8a (webtiles) character file.

157 4tharraofdagon the Firebug (level 3, 0/19 HPs)
             Began as a Gargoyle Fire Elementalist on July 15, 2013.
             Slain by a worker ant (1 damage)
             ... on Level 5 of the Dungeon.
             The game lasted 00:03:53 (949 turns).

4tharraofdagon the Firebug (GrFE)                    Turns: 949, Time: 00:03:53

HP   0/19        AC  9     Str 11      XL: 3   Next: 89%
MP   4/6         EV 10     Int 16      God:
Gold 104         SH  0     Dex 10      Spells:  2 memorised,  0 levels left

Res.Fire  : . . .   See Invis. : .   (no weapon)
Res.Cold  : . . .   Warding    : .   h - +0 leather armour
Life Prot.: + . .   Conserve   : .   (no shield)
Res.Poison: +       Res.Corr.  : .   (no helmet)
Res.Elec. : +       Clarity    : .   (no cloak)
Sust.Abil.: . .     Spirit.Shd : .   q - +0 pair of gloves
Res.Mut.  : .       Stasis     : .   (no boots)
Res.Rott. : +       Flight     : .   (no amulet)
Saprovore : . . .                    (no ring)
                                     (no ring)

@: not resistant to hostile enchantments, unstealthy
A: fangs 1, talons 2, life protection 1, electricity resistance, slow metabolism
1, unbreathing, petrification resistance, AC +5
a: no special abilities


You were on level 5 of the Dungeon.
You were not hungry.

You visited 1 branch of the dungeon, and saw 5 of its levels.

You collected 84 gold pieces.

Inventory:

Armour
 a - a +0 robe
 h - a +0 leather armour (worn)
 m - a +0 pair of gauntlets
 q - a +0 pair of gloves (worn)
Comestibles
 c - 2 bread rations
 d - a meat ration
 j - a rotting chunk of worm flesh
 o - a pear
 u - 2 chunks of orc flesh
Scrolls
 e - a scroll of random uselessness {unknown}
 g - a scroll of fog {unknown}
 i - a scroll of curse armour {unknown}
 n - a scroll of enchant weapon II {unknown}
 p - a scroll of enchant weapon I {unknown}
 r - a scroll of identify {unknown}
 s - a scroll of recharging {unknown}
 t - a scroll of blinking {unknown}
Potions
 l - a potion of curing {unknown}
Books
 b - a book of Flames

   Spells                             Type                      Level
   *Flame Tongue                      Conjuration/Fire             1
   Throw Flame                        Conjuration/Fire             2
   *Conjure Flame                     Conjuration/Fire             3
   Inner Flame                        Hexes/Fire                   3
   Sticky Flame                       Conjuration/Fire             4
   Fireball                           Conjuration/Fire             5


   Skills:
 - Level 1.5 Dodging
 - Level 2.1 Stealth
 + Level 1.4 Spellcasting
 * Level 2.8 Conjurations
 * Level 3.7 Fire Magic


You couldn't memorise any spells.
You knew the following spells:

 Your Spells              Type           Power        Failure   Level  Hunger
a - Flame Tongue          Conj/Fire      ##...        8%          1    ##.....
b - Conjure Flame         Conj/Fire      ##......     17%         3    ####...


Dungeon Overview and Level Annotations

Branches:
Dungeon (5/27)
 Temple: D:4-7

Altars:
Cheibriados
Trog

Annotations
D:1 1 exclusion


Innate Abilities, Weirdness & Mutations

You are resistant to torment.
You are immune to poison.
Your stone body is very resilient (AC +5).
You have very sharp teeth.
You have razor-sharp toenails.
You resist negative energy.
You are resistant to electric shocks.
You have a slow metabolism.
You can survive without breathing.
You are immune to petrification.


Message History

The giant newt bites you.
* * * LOW HITPOINT WARNING * * *
The worker ant bites you.
* * * LOW HITPOINT WARNING * * *
Found a glowing sabre.
Unknown command.
Drink which item? (? for menu, Esc to quit)
There was something very wrong with that liquid!
You feel weakened.
It was a potion of degeneration.
The bat closely misses you. The giant newt closely misses you.
The worker ant closely misses you. The bat barely misses you.
Unknown command.
Drink which item? (? for menu, Esc to quit)
You feel your strength returning.
It was a potion of restore abilities.
The bat completely misses you. The bat closely misses you.
The giant newt bites you.
* * * LOW HITPOINT WARNING * * *
The hobgoblin closely misses you. The worker ant bites you.
You die...

....................
...................
..............z.....
........<....z......_
...(.................
........!o..........
..........ooo.......?
.......J).olg5.......
###########@a..r....
#b......$. #.)......
#........ #........
#....... #(>....
.8..). #..


You could see a jelly, a worker ant, a crimson imp, 5 orcs, a scorpion zombie, a
hobgoblin, a bat, a giant newt, a rat and an iguana skeleton.

Vanquished Creatures
  A giant mite (D:3)
  A worm (D:3)
  A giant eyeball (D:4)
  4 orcs
  4 bats
  A giant cockroach (D:4)
  7 goblins
  A hobgoblin (D:2)
  2 kobolds
  3 giant newts
  A hobgoblin skeleton (D:4)
  4 jackals
  A kobold skeleton (D:4)
  An orc skeleton (D:4)
  5 rats
37 creatures vanquished.

Vanquished Creatures (others)
  An orc (D:4)
1 creature vanquished.

Grand Total: 38 creatures vanquished

Notes
Turn   | Place    | Note
--------------------------------------------------------------
     0 | D:1      | 4tharraofdagon, the Gargoyle Fire Elementalist, began the quest for the Orb.
     0 | D:1      | Reached XP level 1. HP: 10/10 MP: 3/3
   203 | D:1      | Reached XP level 2. HP: 4/15 MP: 1/4
   612 | D:3      | Reached XP level 3. HP: 17/19 MP: 1/6
   617 | D:3      | Learned a level 3 spell: Conjure Flame
   707 | D:4      | Paralysed by a giant eyeball for 3 turns
   887 | D:5      | Entered Level 5 of the Dungeon
   906 | D:4      | Found a bloodstained altar of Trog.
   946 | D:5      | Found a snail-covered altar of Cheibriados.
   949 | D:5      | Slain by a worker ant

Action                   || total
-------------------------++-------
Melee: Unarmed           ||    76
 Cast: Flame Tongue      ||    40
       Conjure Flame     ||     1
  Use: Potion            ||     2
